 Dungeon Crawl Stone Soup version 0.23.2-11-gf996548c65 (webtiles) character file.

Game seed: 2043838744501178470

230 MalarOregon the Ruffian (level 6, -7/53 HPs)
             Began as a Ghoul Monk on June 4, 2019.
             Was a Believer of Makhleb.
             Mangled by an ogre
             ... wielding a +0 giant club
              (32 damage)
             ... on level 4 of the Dungeon.
             The game lasted 00:05:18 (2651 turns).

MalarOregon the Ruffian (Ghoul Monk)                Turns: 2651, Time: 00:05:18

Health: -7/53      AC:  2    Str: 15    XL:     6   Next: 3%
Magic:  5/5        EV: 14    Int:  7    God:    Makhleb [**....]
Gold:   174        SH:  0    Dex: 11    Spells: 5/5 levels left

rFire    . . .     SeeInvis .     - Unarmed
rCold    + . .     Gourm    .   (no shield)
rNeg     + + +     Faith    .   a - +0 robe
rPois    ∞         Spirit   .   (no helmet)
rElec    .         Reflect  .   (no cloak)
rCorr    .         Harm     .   (no gloves)
MR       .....                  (no boots)
Stlth    ++........             (no amulet)
HPRegen  0.00/turn              k - +1 ring of evasion
MPRegen  0.09/turn              u - ring of flight

@: rotting
A: rotting body, claws 1, carnivore, cold resistance 1, negative energy
resistance 3, inhibited regeneration, torment resistance, unbreathing
a: Minor Destruction, Renounce Religion, Evoke Flight


You were on level 4 of the Dungeon.
You worshipped Makhleb.
Makhleb was pleased with you.
You were not hungry.

You visited 1 branch of the dungeon, and saw 4 of its levels.

You collected 174 gold pieces.

Inventory:

Hand Weapons
 w - a +1 dagger of venom
   (You took it off a kobold on level 2 of the Dungeon)
Missiles
 d - 8 curare-tipped needles {!f}
Armour
 a - a +0 robe (worn)
Jewellery
 k - a +1 ring of evasion (left claw)
   (You found it on level 1 of the Dungeon)
 u - a ring of flight (right claw)
   (You found it on level 4 of the Dungeon)
Scrolls
 b - 3 scrolls of remove curse {unknown}
 g - 7 scrolls of identify {unknown}
 h - 2 scrolls of immolation {unknown}
 i - 5 scrolls of teleportation {unknown}
 l - a scroll of enchant weapon {unknown}
 m - a scroll of amnesia {unknown}
 p - 2 scrolls of fear {unknown}
 r - a scroll of noise {unknown}
 t - a scroll of magic mapping {unknown}
Potions
 f - a potion of lignification {unknown}
 j - 2 potions of curing {unknown}
 n - a potion of mutation {unknown}
 q - 3 potions of ambrosia {unknown}
 s - a potion of might {unknown}
Comestibles
 c - 4 chunks of flesh
 e - 11 rations {!d}


   Skills:
 + Level 4.3 Fighting
 + Level 3.5 Dodging
 + Level 3.7 Stealth
 * Level 5.2 Unarmed Combat


You had 5 spell levels left.
You didn't know any spells.
Your spell library was empty.

Dungeon Overview and Level Annotations

Branches:
Dungeon (4/15)
 Temple: D:4-7

Altars:
Hepliaklqana
Kikubaaqudgha
Makhleb
The Shining One


Innate Abilities, Weirdness & Mutations

Your body is rotting away.
You thrive on raw meat.
You are immune to poison.
You have sharp fingernails.
You are carnivorous and can eat meat at any time.
Your flesh is cold resistant. (rC+)
You are immune to negative energy. (rN+++)
You do not regenerate when monsters are visible.
You are immune to unholy pain and torment.
You can survive without breathing.


Message History

An iguana comes into view.
An iguana is nearby!
An iguana is nearby!
An iguana is nearby!
The iguana hisses angrily.
You claw the iguana! The iguana closely misses you.
You barely miss the iguana. The iguana barely misses you.
You barely miss the iguana. The iguana bites you.
You scratch the iguana.
The iguana bites you but does no damage.
You scratch the iguana but do no damage.
The iguana misses you.
You barely miss the iguana. You barely miss the iguana.
The iguana barely misses you.
You scratch the iguana.
The iguana bites you but does no damage.
You claw the iguana!
You kill the iguana!
Makhleb accepts your kill.
You have reached level 6!
Your experience leads to an increase in your attributes!
Increase (S)trength, (I)ntelligence, or (D)exterity?
You feel clever.
g - 7 scrolls labeled ZUXZAM UPERIRCH (gained 1)
You now have 174 gold pieces (gained 8).
An ogre comes into view. It is wielding a +0 giant club.
A worker ant comes into view.
The ogre shouts!
Wield which item (- for none, * to show all)? (? for menu, Esc to quit)
Your +1 dagger of venom begins to drip with poison!
o - a +1 dagger of venom (weapon)
Adjust (i)tems, (s)pells, or (a)bilities?
Adjust which item? (? for menu, Esc to quit)
o - a +1 dagger of venom (weapon)
Adjust to which letter? (? for menu, Esc to quit)
w - a +1 dagger of venom (weapon)
You hit the ogre.
The ogre is poisoned.
The ogre hits you with a +0 giant club!
You barely miss the ogre. You hit the ogre.
The ogre looks as sick as possible!
The ogre completely misses you.
Wield which item (- for none, * to show all)? (? for menu, Esc to quit)
Your +1 dagger of venom stops dripping with poison.
You are now empty-clawed.
You scratch the ogre but do no damage.
The ogre hits you with a +0 giant club!!
* * * LOW HITPOINT WARNING * * *
You claw the ogre!
The ogre hits you with a +0 giant club!!
Ouch! That really hurt!
You die...

####### ###...#.### ########
##.........###......#####
#.........##.O..#....#..#
###.........##@##..#....#
#^...##........##......#
#####....#..#.............#
......##.#..#............##
...#####.#.##....).###...###
...# #.............###....#
#..##
##............##.....##
##..##
####.........#......<##
##..# .###...#.......##....#


You could see an ogre.

Vanquished Creatures
  Terence (D:3)
  An iguana (D:4)
  2 worker ants
  A gnoll (D:1)
  5 adders
  An ooze (D:2)
  2 dart slugs
  A leopard gecko (D:3)
  5 orcs (D:3)
  3 ball pythons
  7 goblins
  6 hobgoblins
  6 jackals
  10 kobolds
  3 quokkas
  7 bats (D:1)
  4 frilled lizards
  6 rats
71 creatures vanquished.

Notes
Turn   | Place    | Note
-------+----------+-------------------------------------------
     0 | D:1      | MalarOregon the Ghoul Monk began the quest for the Orb.
     0 | D:1      | Reached XP level 1. HP: 19/19 MP: 0/0
   239 | D:1      | Reached XP level 2. HP: 26/26 MP: 1/1
   536 | D:1      | Reached XP level 3. HP: 18/31 MP: 2/2
   733 | D:1      | Reached skill level 4 in Unarmed Combat
  1137 | D:2      | Reached XP level 4. HP: 39/40 MP: 3/3
  1227 | D:2      | Found a burning altar of Makhleb.
  1343 | D:2      | Became a worshipper of Makhleb the Destroyer
  1343 | D:2      | Reached * piety under Makhleb
  1343 | D:2      | Reached ** piety under Makhleb
  1637 | D:2      | Found a hazy altar of Hepliaklqana.
  1720 | D:2      | Found a faded altar of an unknown god.
  1847 | D:3      | Noticed Terence
  1879 | D:3      | Killed Terence
  1879 | D:3      | Reached XP level 5. HP: 14/46 MP: 4/4
  2109 | D:3      | Found an ancient bone altar of Kikubaaqudgha.
  2326 | D:3      | Reached skill level 5 in Unarmed Combat
  2364 | D:3      | Found a glowing golden altar of the Shining One.
  2588 | D:4      | Reached XP level 6. HP: 46/53 MP: 5/5
  2651 | D:4      | Mangled by an ogre

Skill      XL: |  1  2  3  4  5 |
---------------+----------------+-----
Dodging        | 3 |  3.5
Unarmed Combat | 4 5 |  5.2
Stealth        | 3 |  3.7
Fighting       | 4 |  4.3

Action                   |  1- 3 |  4- 6 || total
-------------------------+-------+-------++-------
Melee: Unarmed           |    85 |   152 ||   237
       Punch             |     1 |     3 ||     4
       Dagger            |       |     3 ||     3
 Stab: Sleeping          |     6 |     2 ||     8
  Eat: Chunk             |     7 |     8 ||    15
Armor: Robe              |    16 |    11 ||    27
Dodge: Dodged            |    76 |    91 ||   167
